AoeStats
← DamosReload2202

Nomad

508055785Analyzed
2v2 RM · 12d ago on Sep 20, 2026· 27m 41s· 4 players
Game mode
Random Map
Map size
176×176
Population
200
Speed
Normal
Resources
Standard
Victory
Conquest
Starting age
Dark Age
Ending age
Imperial Age
RankedLock teamsTeams togetherTeam positionsShared explorationLock speedFull tech treeHidden civsTurbo modeCheats
Victory
Defeat
🇵🇪 Muisca · Peru
1226
+14
🇫🇷 Malay · France
1180
+15
🇺🇸 Bengalis · United States
1251
-18
🇨🇴 Bohemians · Colombia
1087
-15
DamosReload2202
4:38 Loom
13:56 Feudal Age
14:00 Town Watch
14:14 Fishing Lines
15:21 Double-Bit Axe
18:52 Wheelbarrow
21:25 Forging
24:38 Castle Age
23:06 Scale Barding Armor
23:45 Gold Mining
23:47 Stone Mining
27:00 Gold Shaft Mining
⚡ MACE WINDU ⚡
10:56 Loom
13:14 Feudal Age
17:53 Castle Age
17:09 Double-Bit Axe
19:08 Wheelbarrow
19:36 Fletching
26:45 Bodkin Arrow
27:31 Medium Warships
Femboy Hooters
5:36 Loom
13:45 Feudal Age
15:13 Fletching
15:47 Double-Bit Axe
19:16 Wheelbarrow
25:08 Castle Age
24:00 Gold Mining
juandavid0388
6:39 Loom
16:22 Feudal Age
19:37 Fishing Lines
24:29 Castle Age
22:31 Man-at-Arms
23:54 Scale Mail Armor
25:27 Long Swordsman
26:25 Chain Mail Armor
26:08 Gillnets
27:02 Squires
Connection lost

Rejoining the realm…

Still unreachable

The connection could not be restored.

Session expired

The server has moved on; the page needs a fresh start.